[ AOE2 MATCH · #505680527 ]
UnrankedByzantines vs Teutons
Player's team · WIN
Rival team · LOSS
[ REPLAY ANALYSIS · EXTRACTED FROM THE RECORDED GAME ]
Feudal
10:56
Castle
21:57
Imperial
36:18
| APM avg | 71.3 |
| APM peak | 118 |
| eAPM avg | 39.1 |
| Villagers / military | 132 / 71 |
Focus
⚔️ 64.7% · 🌾 35.3%
Archer ×41 · Camel Scout ×7 · Knight ×5 · Militia ×5 · Mangonel ×3 · Bombard Cannon ×3
Feudal
11:21
Castle
16:07
Imperial
35:56
| APM avg | 34.4 |
| APM peak | 70 |
| eAPM avg | 21.0 |
| Villagers / military | 141 / 54 |
Focus
⚔️ 24.7% · 🌾 75.3%
Skirmisher ×27 · Monk ×17 · Trebuchet (Packed) ×5 · Archer ×2 · Scorpion ×2 · Mangonel ×1
Match map
Initial resources + every placement click. Lines = walls · curves = elevation contours. ◆ gold · ⬟ stone · ● berries · ✦ relic · ◌ wall gap
Your base· Open — 3t gap
Mario's base· Open — 5t gap
Smoothed initial terrain · ◌ = detected wall gap · hover for details
Inputs per minute
— RaiD - - Mario
Build order — RaiD
First 150 of 392 actions detected
| 0:01 | Queue | Villager (Male) ×4 |
| 0:02 | Build | House |
| 0:03 | Build | House |
| 1:34 | Queue | Villager (Male) |
| 1:34 | Queue | Villager (Male) |
| 1:58 | Queue | Villager (Male) |
| 2:23 | Queue | Villager (Male) |
| 2:23 | Queue | Villager (Male) |
| 2:36 | Build | Lumber Camp |
| 2:45 | Queue | Villager (Male) |
| 3:03 | Build | House |
| 3:22 | Queue | Villager (Male) |
| 3:59 | Queue | Villager (Male) |
| 4:31 | Queue | Villager (Male) |
| 4:53 | Build | Barracks |
| 5:00 | Queue | Villager (Male) |
| 5:00 | Queue | Villager (Male) |
| 5:07 | Build | House |
| 5:28 | Queue | Villager (Male) |
| 5:40 | Queue | Militia |
| 5:40 | Queue | Militia |
| 5:47 | Build | House |
| 6:06 | Research | Loom |
| 6:23 | Build | House |
| 6:37 | Queue | Villager (Male) |
| 6:38 | Queue | Militia |
| 6:50 | Build | Palisade Wall |
| 6:50 | Build | Palisade Wall |
| 6:51 | Build | Palisade Wall |
| 6:55 | Build | Palisade Wall |
| 6:56 | Build | Palisade Wall |
| 6:56 | Build | Palisade Wall |
| 6:57 | Build | Palisade Wall |
| 7:04 | Queue | Villager (Male) |
| 7:23 | Queue | Villager (Male) |
| 7:34 | Build | Mill |
| 7:46 | Queue | Villager (Male) |
| 8:11 | Queue | Villager (Male) |
| 8:15 | Build | Palisade Wall |
| 8:45 | Research | Feudal Age |
| 9:10 | Queue | Militia |
| 9:26 | Queue | Militia |
| 9:55 | Build | Mining Camp |
| 9:56 | Queue | Villager (Male) |
| 9:59 | Build | Palisade Wall |
| 10:02 | Build | Palisade Wall |
| 10:03 | Build | Palisade Wall |
| 10:11 | Build | Palisade Wall |
| 10:14 | Build | Palisade Wall |
| 10:56 | Age | Feudal Age |
| 11:00 | Build | Archery Range |
| 11:01 | Research | Man-at-Arms (upgrade) |
| 11:08 | Queue | Villager (Male) |
| 11:29 | Research | Double-Bit Axe |
| 11:29 | Research | Double-Bit Axe |
| 11:34 | Build | Palisade Wall |
| 11:41 | Queue | Archer |
| 11:43 | Queue | Villager (Male) |
| 11:50 | Build | Farm |
| 11:53 | Build | Farm |
| 12:02 | Queue | Villager (Male) |
| 12:13 | Build | Farm |
| 12:17 | Queue | Archer |
| 12:22 | Queue | Villager (Male) |
| 12:25 | Queue | Spearman |
| 12:30 | Build | House |
| 12:33 | Build | Palisade Wall |
| 12:41 | Queue | Villager (Male) |
| 12:44 | Build | House |
| 12:46 | Queue | Archer |
| 13:04 | Build | House |
| 13:17 | Queue | Villager (Male) |
| 13:24 | Queue | Villager (Male) |
| 13:32 | Queue | Archer |
| 13:57 | Queue | Villager (Male) |
| 13:59 | Build | Farm |
| 14:06 | Queue | Archer |
| 14:15 | Queue | Villager (Male) |
| 14:17 | Build | Farm |
| 14:17 | Build | Farm |
| 14:20 | Build | Farm |
| 14:20 | Build | Farm |
| 14:33 | Build | Blacksmith |
| 14:34 | Queue | Villager (Male) |
| 14:46 | Queue | Archer |
| 14:52 | Queue | Villager (Male) |
| 14:59 | Build | Lumber Camp |
| 15:05 | Queue | Archer |
| 15:29 | Research | Fletching |
| 15:40 | Queue | Villager (Male) |
| 15:42 | Build | Farm |
| 15:43 | Build | Farm |
| 15:56 | Build | Farm |
| 15:57 | Queue | Villager (Male) |
| 15:59 | Queue | Archer |
| 16:08 | Build | Farm |
| 16:10 | Build | Farm |
| 16:11 | Queue | Villager (Male) |
| 16:27 | Queue | Spearman |
| 16:47 | Queue | Villager (Male) |
| 16:49 | Build | Farm |
| 16:51 | Build | Farm |
| 17:04 | Queue | Archer |
| 17:11 | Build | House |
| 17:22 | Queue | Villager (Male) |
| 17:32 | Queue | Archer |
| 17:42 | Build | Stable |
| 17:48 | Build | Farm |
| 17:49 | Queue | Villager (Male) |
| 17:58 | Build | Farm |
| 18:02 | Build | Farm |
| 18:12 | Queue | Villager (Male) |
| 18:15 | Build | Lumber Camp |
| 18:29 | Build | Farm |
| 18:48 | Queue | Villager (Male) |
| 19:02 | Build | Farm |
| 19:17 | Research | Castle Age |
| 19:19 | Build | Farm |
| 19:46 | Queue | Archer |
| 19:51 | Queue | Archer |
| 19:56 | Build | House |
| 19:58 | Research | Horse Collar |
| 20:22 | Queue | Archer |
| 20:31 | Build | Mining Camp |
| 20:32 | Research | Gold Mining |
| 20:32 | Research | Gold Mining |
| 20:43 | Queue | Villager (Male) |
| 20:45 | Build | House |
| 20:47 | Build | House |
| 20:53 | Build | House |
| 21:01 | Queue | Villager (Male) |
| 21:27 | Queue | Villager (Male) |
| 21:57 | Age | Castle Age |
| 22:02 | Build | Town Center |
| 22:03 | Queue | Villager (Male) |
| 22:05 | Build | Monastery |
| 22:06 | Queue | Knight |
| 22:07 | Research | Crossbowman (upgrade) |
| 22:08 | Research | Bodkin Arrow |
| 22:10 | Research | Padded Archer Armor |
| 22:15 | Queue | Camel Scout |
| 22:19 | Queue | Knight |
| 22:25 | Build | Farm |
| 22:26 | Build | Farm |
| 22:26 | Build | Farm |
| 22:39 | Research | Bow Saw |
| 22:48 | Queue | Archer |
| 22:50 | Queue | Villager (Male) |
| 22:53 | Build | Palisade Wall |
| 22:55 | Queue | Monk |
Build order — Mario
First 150 of 303 actions detected
| 0:00 | Queue | Villager (Male) |
| 0:02 | Build | House |
| 0:03 | Build | House |
| 0:10 | Queue | Villager (Male) |
| 0:10 | Queue | Villager (Male) |
| 0:21 | Queue | Villager (Male) |
| 1:24 | Queue | Villager (Male) |
| 1:52 | Build | Lumber Camp |
| 2:06 | Queue | Villager (Male) |
| 2:20 | Queue | Villager (Male) |
| 2:46 | Queue | Villager (Male) |
| 3:10 | Queue | Villager (Male) |
| 3:10 | Queue | Villager (Male) |
| 3:33 | Build | House |
| 3:36 | Build | House |
| 3:37 | Queue | Villager (Male) |
| 4:03 | Queue | Villager (Male) |
| 4:34 | Queue | Villager (Male) |
| 4:39 | Build | Mill |
| 4:59 | Queue | Villager (Male) |
| 5:19 | Queue | Villager (Male) |
| 5:34 | Build | Mill |
| 5:46 | Queue | Villager (Male) |
| 5:47 | Queue | Villager (Male) |
| 5:55 | Queue | Villager (Male) |
| 5:56 | Queue | Villager (Male) |
| 6:22 | Queue | Villager (Male) |
| 6:41 | Queue | Villager (Male) |
| 7:57 | Queue | Villager (Male) |
| 7:59 | Research | Loom |
| 8:29 | Build | Mining Camp |
| 8:42 | Research | Feudal Age |
| 9:46 | Build | Farm |
| 9:50 | Build | Farm |
| 10:07 | Build | House |
| 10:11 | Build | House |
| 10:33 | Queue | Villager (Male) |
| 10:33 | Queue | Villager (Male) |
| 11:21 | Age | Feudal Age |
| 11:30 | Build | Barracks |
| 11:37 | Build | Palisade Wall |
| 11:45 | Build | Palisade Gate |
| 11:48 | Build | Palisade Wall |
| 11:52 | Build | Palisade Wall |
| 11:57 | Queue | Villager (Male) |
| 12:05 | Build | Archery Range |
| 12:14 | Build | House |
| 12:27 | Queue | Villager (Male) |
| 12:41 | Queue | Archer |
| 12:44 | Build | House |
| 12:51 | Build | Blacksmith |
| 13:27 | Research | Castle Age |
| 13:35 | Queue | Archer |
| 14:34 | Queue | Villager (Male) |
| 14:44 | Research | Horse Collar |
| 14:54 | Build | Farm |
| 14:55 | Build | Farm |
| 15:14 | Queue | Skirmisher |
| 15:17 | Build | Farm |
| 15:18 | Build | Farm |
| 15:20 | Build | Farm |
| 15:21 | Build | Farm |
| 15:49 | Queue | Skirmisher |
| 16:01 | Build | Farm |
| 16:07 | Age | Castle Age |
| 16:12 | Build | Siege Workshop |
| 16:39 | Queue | Scorpion |
| 16:53 | Research | Wheelbarrow |
| 17:08 | Build | Farm |
| 17:11 | Build | Farm |
| 17:31 | Build | Farm |
| 17:51 | Research | Double-Bit Axe |
| 18:13 | Queue | Villager (Male) |
| 18:29 | Queue | Villager (Male) |
| 18:40 | Build | Town Center |
| 19:47 | Queue | Villager (Male) |
| 19:48 | Queue | Villager (Male) |
| 19:50 | Queue | Villager (Male) |
| 19:50 | Queue | Villager (Male) |
| 19:53 | Build | Farm |
| 19:54 | Build | Farm |
| 20:26 | Queue | Villager (Male) |
| 20:26 | Queue | Villager (Male) |
| 20:39 | Queue | Villager (Male) |
| 20:42 | Build | Farm |
| 20:44 | Build | Farm |
| 20:51 | Queue | Scorpion |
| 20:54 | Queue | Villager (Male) |
| 21:05 | Research | Bow Saw |
| 21:27 | Build | House |
| 21:28 | Build | House |
| 21:34 | Queue | Villager (Male) |
| 21:34 | Queue | Villager (Male) |
| 21:40 | Queue | Villager (Male) |
| 21:50 | Queue | Villager (Male) |
| 21:59 | Build | Lumber Camp |
| 22:18 | Queue | Villager (Male) |
| 22:19 | Queue | Villager (Male) |
| 22:27 | Build | Outpost |
| 22:30 | Build | House |
| 22:43 | Queue | Villager (Male) |
| 22:43 | Queue | Villager (Male) |
| 22:45 | Build | Town Center |
| 22:55 | Build | House |
| 22:56 | Build | House |
| 22:57 | Queue | Villager (Male) |
| 23:05 | Queue | Villager (Male) |
| 23:09 | Build | Outpost |
| 23:13 | Build | Outpost |
| 23:15 | Research | Town Watch |
| 23:16 | Queue | Villager (Male) |
| 23:20 | Queue | Villager (Male) |
| 23:24 | Build | Farm |
| 24:00 | Queue | Villager (Male) |
| 24:00 | Queue | Villager (Male) |
| 24:02 | Build | Monastery |
| 24:19 | Queue | Villager (Male) |
| 24:19 | Queue | Villager (Male) |
| 24:28 | Queue | Villager (Male) |
| 24:30 | Build | Farm |
| 24:31 | Build | Farm |
| 24:39 | Queue | Monk |
| 24:41 | Queue | Monk |
| 24:50 | Queue | Villager (Male) |
| 24:50 | Queue | Villager (Male) |
| 24:55 | Build | Monastery |
| 24:58 | Queue | Villager (Male) |
| 25:09 | Queue | Villager (Male) |
| 25:10 | Queue | Villager (Male) |
| 25:12 | Build | Farm |
| 25:14 | Build | Farm |
| 25:15 | Build | Farm |
| 25:34 | Queue | Monk |
| 25:37 | Research | Sanctity |
| 25:48 | Queue | Monk |
| 25:50 | Queue | Monk |
| 25:51 | Queue | Villager (Male) |
| 25:52 | Queue | Villager (Male) |
| 26:01 | Build | Mining Camp |
| 26:08 | Queue | Villager (Male) |
| 26:09 | Queue | Villager (Male) |
| 26:09 | Queue | Villager (Male) |
| 26:16 | Research | Fervor |
| 26:18 | Queue | Villager (Male) |
| 26:18 | Queue | Villager (Male) |
| 26:27 | Build | Outpost |
| 26:34 | Build | Outpost |
| 26:39 | Queue | Villager (Male) |
| 26:39 | Queue | Villager (Male) |
| 26:42 | Build | Farm |
Match timeline
| 4:53 | RaiD · first_building Barracks |
| 6:50 | RaiD · wall_segment Palisade Wall x1 |
| 6:50 | RaiD · wall_segment Palisade Wall x1 |
| 6:51 | RaiD · wall_segment Palisade Wall x1 |
| 6:55 | RaiD · wall_segment Palisade Wall x1 |
| 6:56 | RaiD · wall_segment Palisade Wall x1 |
| 6:56 | RaiD · wall_segment Palisade Wall x1 |
| 6:57 | RaiD · wall_segment Palisade Wall x1 |
| 8:15 | RaiD · wall_segment Palisade Wall x12 |
| 9:59 | RaiD · wall_segment Palisade Wall x7 |
| 10:02 | RaiD · wall_segment Palisade Wall x9 |
| 10:03 | RaiD · wall_segment Palisade Wall x1 |
| 10:11 | RaiD · wall_segment Palisade Wall x6 |
| 10:14 | RaiD · wall_segment Palisade Wall x8 |
| 10:56 | RaiD · age_up feudal |
| 11:00 | RaiD · first_building Archery Range |
| 11:21 | Mario · age_up feudal |
| 11:30 | Mario · first_building Barracks |
| 11:34 | RaiD · wall_segment Palisade Wall x1 |
| 11:37 | Mario · wall_segment Palisade Wall x1 |
| 11:48 | Mario · wall_segment Palisade Wall x1 |
| 11:52 | Mario · wall_segment Palisade Wall x1 |
| 12:05 | Mario · first_building Archery Range |
| 12:33 | RaiD · wall_segment Palisade Wall x1 |
| 16:07 | Mario · age_up castle |
| 16:12 | Mario · first_building Siege Workshop |
| 17:42 | RaiD · first_building Stable |
| 21:57 | RaiD · age_up castle |
| 22:05 | RaiD · first_building Monastery |
| 22:53 | RaiD · wall_segment Palisade Wall x1 |
| 24:02 | Mario · first_building Monastery |
| 25:48 | RaiD · first_building Siege Workshop |
| 29:18 | Mario · first_market_sell 500 wood |
| 31:17 | Mario · first_market_buy 100 stone |
| 31:34 | Mario · first_building Castle |
| 33:17 | RaiD · first_market_sell 100 food |
| 35:05 | RaiD · first_building Castle |
| 35:56 | Mario · age_up imperial |
| 36:18 | RaiD · age_up imperial |
| 42:27 | Mario · resign |
[ AI ANALYSIS · 1 CREDIT ]
What really happened in this match?
Wolo.gg analyzes every decision: build order, eco, micro, common mistakes by bracket. Personalized analysis on WhatsApp or Discord in 30 seconds.
Civ guide
Byzantines
Perfil
Jugador #3173869